 Dungeon Crawl Stone Soup version 0.26.0-20-g3ca415f5b8 (webtiles) character file.

Game seed: 1820261773397818339

1200 DasRunzen the Sneak (level 8, -5/54 HPs)
             Began as an Octopode Wanderer on Jan 25, 2021.
             Was an Initiate of Dithmenos.
             Killed from afar by an orc wizard (6 damage)
             ... with a magic dart
             ... on level 6 of the Dungeon.
             The game lasted 00:13:35 (6912 turns).

DasRunzen the Sneak (Octopode Wanderer)             Turns: 6912, Time: 00:13:36

Health: -5/54      AC:  1    Str: 12    XL:     8   Next: 44%
Magic:  0/11       EV: 14    Int: 15    God:    Dithmenos [......]
Gold:   257        SH:  6    Dex: 12    Spells: 11/11 levels left

rFire    . . .     SeeInvis .   a - +0 short sword
rCold    . . .     Faith    .   l - +2 buckler {reflect}
rNeg     . . .     Spirit   +   (helmet restricted)
rPois    .         Reflect  +   m - amulet of guardian spirit
rElec    .         Harm     .   (no ring)
rCorr    .         Rampage  .   (no ring)
Will     .....                  (no ring)
Stlth    ++++......             (no ring)
HPRegen  0.18/turn              (no ring)
MPRegen  0.12/turn              (no ring)
                                (no ring)
                                (no ring)

@: no status effects
A: almost no armour, stealthy swim, amphibious, 8 rings, constrict 8, camouflage
1, gelatinous body 1
a: Renounce Religion


You were on level 6 of the Dungeon.
You worshipped Dithmenos.
Dithmenos was noncommittal.
You visited 2 branches of the dungeon, and saw 7 of its levels.

You collected 257 gold pieces.

Inventory:

Hand Weapons
 a - a +0 short sword (weapon)
Armour
 l - a +2 buckler of reflection (worn)
Jewellery
 m - an amulet of guardian spirit (around mantle)
Wands
 n - a wand of acid (9)
Scrolls
 d - 7 scrolls of teleportation
 g - 2 scrolls of remove curse
Potions
 c - 2 potions of curing
 e - a potion of lignification
 h - a potion of might {unknown}
 i - 2 potions of brilliance {unknown}
 j - 2 potions of resistance {unknown}
 k - 2 potions of attraction {unknown}
 p - 2 potions of heal wounds


   Skills:
 + Level 3.9 Fighting
 + Level 4.2 Short Blades
 + Level 4.0 Dodging
 + Level 5.8 Stealth
 + Level 3.8 Shields
 - Level 2.0 Spellcasting
 - Level 1.0 Air Magic
 + Level 1.3 Invocations
 + Level 4.3 Evocations


You had 11 spell levels left.
You didn't know any spells.
Your spell library was empty.

Dungeon Overview and Level Annotations

Branches:
Dungeon (6/15)             Temple (1/1) D:5

Altars:
Ashenzari
Cheibriados
Dithmenos
Elyvilon
Fedhas
Gozag
Hepliaklqana
Kikubaaqudgha
Okawaru
Qazlal
Ru
Trog
Uskayaw
Vehumet
Wu Jian
Xom
Yredelemnul
Zin
The Shining One


Innate Abilities, Weirdness & Mutations

You cannot wear most types of armour.
You are very stealthy in the water. (Stealth+)
You are amphibious.
You can wear up to eight rings at the same time.
You can use your tentacles to constrict eight enemies at once.
Your skin changes colour to match your surroundings (Stealth+).
Your rubbery body absorbs attacks. (AC +1, EV +1)


Message History

You release your grip on the orc warrior.
The orc wizard closely misses you.
Unknown command.
The orc wizard points at itself and mumbles some strange words.
The orc wizard flickers and vanishes!
Deactivating autopickup; reactivate with Ctrl-A.
The orc wizard hits you with a +0 dagger.
* * * LOW HITPOINT WARNING * * *
You block the orc wizard's attack. The orc wizard closely misses you.
The orc wizard hits you but does no damage.
The orc wizard gestures at you while chanting.
The puff of flame hits you!
* * * LOW HITPOINT WARNING * * *
The orc wizard gestures at you while chanting.
The magic dart hits you.
* * * LOW HITPOINT WARNING * * *
A magic dart appears from out of thin air!
The magic dart hits you.
You die...

..(...#..##
.....##...#
#......#...#
#......#o..#### ##
#......#.{....##..
.......#o.o.(.....
.................
###..............
###..@.........
##...........
#...........
##...........
#.[<#........
#...###.......
#..## ....... #..#
...##.. ...# #.##
#.


You could see an orc warrior, an orc wizard (fast) and an orc.

Vanquished Creatures
  An ice beast (D:5)
  A black bear (D:6)
  A necrophage (D:5)
  An ogre (D:5)
  A sky beast (D:5)
  A centaur (D:6)
  2 phantoms
  A scorpion (D:5)
  A howler monkey (D:4)
  A hound (D:5)
  A jelly (D:6)
  An orc priest (D:5)
  A centaur skeleton (D:6)
  Jessica (D:2)
  Natasha (D:2)
  4 worker ants
  2 adders
  A shadow imp (D:5)
  2 white imps
  An ooze (D:4)
  2 adder skeletons
  5 worms
  2 dart slugs
  A leopard gecko (D:2)
  10 orcs
  2 giant cockroaches (D:1)
  11 goblins
  7 hobgoblins
  3 jackals (D:5)
  A quokka (D:4)
  A ball python (D:1)
  6 bats
  5 frilled lizards
  4 kobolds
  9 rats
95 creatures vanquished.

Notes
Turn   | Place    | Note
-------+----------+-------------------------------------------
     0 | D:1      | DasRunzen the Octopode Wanderer began the quest for the
                  | Orb.
     0 | D:1      | DasRunzen set off with the following items: a +0 short
                  | sword, a +0 kite shield, a potion of curing
     0 | D:1      | Reached XP level 1. HP: 13/13 MP: 3/3
   220 | D:1      | Reached XP level 2. HP: 18/18 MP: 5/5
   469 | D:1      | Reached skill level 2 in Stealth
   678 | D:1      | Reached XP level 3. HP: 23/23 MP: 6/6
  1000 | D:2      | Found a glowing golden altar of the Shining One.
  1296 | D:2      | Noticed Jessica
  1301 | D:2      | Killed Jessica
  1302 | D:2      | Reached XP level 4. HP: 17/28 MP: 7/7
  2022 | D:2      | Found an ancient bone altar of Kikubaaqudgha.
  2034 | D:2      | Noticed Natasha
  2037 | D:2      | Killed Natasha
  2202 | D:3      | Found a hazy altar of Hepliaklqana.
  2205 | D:3      | Found a bloodstained altar of Trog.
  2208 | D:3      | Found a sacrificial altar of Ru.
  2289 | D:3      | Found a snail-covered altar of Cheibriados.
  2392 | D:3      | Reached XP level 5. HP: 34/34 MP: 8/8
  2852 | D:4      | Reached skill level 3 in Stealth
  3186 | D:4      | Noticed a phantom
  3239 | D:5      | Entered Level 5 of the Dungeon
  3515 | D:5      | Noticed a sky beast
  3531 | D:5      | Killed a sky beast
  3532 | D:5      | Reached XP level 6. HP: 27/41 MP: 0/9
  3673 | D:5      | Noticed a necrophage
  3710 | D:5      | Killed a necrophage
  3711 | D:5      | Reached skill level 4 in Stealth
  4055 | D:5      | Reached XP level 7. HP: 28/45 MP: 4/10
  4553 | D:5      | Found a white marble altar of Elyvilon.
  4558 | D:5      | Found a staircase to the Ecumenical Temple.
  4795 | Temple   | Entered the Ecumenical Temple
  4802 | Temple   | Became a worshipper of Dithmenos the Shadowed
  4923 | D:5      | Reached skill level 5 in Stealth
  5442 | D:4      | Reached XP level 8. HP: 45/52 MP: 9/11
  6132 | D:5      | HP: 2/53 [poisoned by a worker ant]
  6698 | D:6      | Reached skill level 1 in Invocations
  6910 | D:6      | HP: 1/54 [orc wizard/magic dart (5)]
  6912 | D:6      | Killed from afar by an orc wizard

Illustrated notes

Levels and vault maps discovered:
D:1:      dpeg_arrival_round_c, layout_basic
D:2:      layout_loops_ring, nicolae_overflow_crystal_walls, tso_altar,
          uniq_natasha, uniq_jessica
D:3:      layout_loops_cross, grunt_temple_overflow_diamond,
          general_overflow_altar
D:4:      layout_cave_pods
D:5:      layout_gridville, lemuel_crystal_altar, minmay_temple_entry_wispy
D:6:      layout_layer_cave, serial_shops, nicolae_shop_stone, xom_redecorated,
          uniq_sigmund
Temple:   cyrus_circular_temple

Skill      XL: |  1  2  3  4  5  6  7  8 |
---------------+-------------------------+-----
Stealth        | 2 3 4 5 |  5.8
Evocations     | 2 3 4 |  4.3
Dodging        | 2 3 4 |  4.0
Fighting       | 2 3 |  3.9
Shields        | 2 3 |  3.8
Short Blades   | 3 4 |  4.2
Invocations    | 1 |  1.3
Spellcasting   | |  2.0
Air Magic      | |  1.0

Action                   |  1- 3 |  4- 6 |  7- 9 || total
-------------------------+-------+-------+-------++-------
Melee: Short sword       |    49 |   124 |   148 ||   321
       Constrict         |    13 |    23 |    16 ||    52
       Tentacles         |    10 |    36 |    37 ||    83
  Use: Scroll            |     1 |    11 |     3 ||    15
       Potion            |       |     3 |     2 ||     5
 Stab: Sleeping          |     8 |    11 |     1 ||    20
       Distracted        |       |     1 |       ||     1
Armor: Skin              |     3 |     3 |     6 ||    12
Dodge: Dodged            |    17 |    39 |    92 ||   148
Block: Kite shield       |    17 |    10 |       ||    27
       Buckler           |       |     6 |    36 ||    42
       Reflection        |       |       |     2 ||     2
